Cogmind - Beta 14 @@@ ROGUE MODE // 2024.11.21 @ 17:31:02 Player: Elisius Result: Destroyed by Y-45 Defender with Heavy Assault Rifle Performance ------------- Evolutions (1) 500 Regions Visited (2) 400 Robots Destroyed (34) 170 Value Destroyed (654) 654 Prototype IDs (0) 0 Alien Tech Used (0) 0 Bonus (0) 0 TOTAL SCORE: 1724 Bonus ------- None Cogmind --------- Core Integrity 0/400 Matter 261/300 Energy 125/125 System Corruption 0% Temperature Cool (3) Movement Walking (190) Ox1 Location -9/Materials Parts ------- > --- POWER (1) -------- Light Ion Engine > --- PROPULSION (4) --- Aluminum Leg Aluminum Leg > --- UTILITY (2) ------ Medium Storage Unit Hardened Light Armor Plating > --- WEAPON (2) ------- Assault Rifle Mining Laser > --- INVENTORY (10) --- Heat Sink Small Storage Unit High-capacity Storage Unit Medium Armor Plating Beam Rifle Peak State ------------ > --- POWER ------------ Ion Engine > --- PROPULSION ------- Aluminum Leg Aluminum Leg Aluminum Leg Aluminum Leg > --- UTILITY ---------- Medium Storage Unit Structural Scanner > --- WEAPON ----------- Beam Rifle Assault Rifle > --- INVENTORY -------- Aluminum Leg Aluminum Leg Aluminum Leg Heat Sink Small Storage Unit High-capacity Storage Unit Medium Armor Plating Assault Rifle Assault Rifle Mining Laser [Rating: 11] Favorites ----------- Power Ion Engine Engine Ion Engine Propulsion Aluminum Leg Treads Light Treads Leg Aluminum Leg Utility Medium Storage Unit Device Structural Scanner Storage Medium Storage Unit Protection Hardened Light Armor Plating Weapon Assault Rifle Energy Gun Beam Rifle Ballistic Gun Assault Rifle Launcher Grenade Launcher Special Weapon Mining Laser Build | -11 -10 -9 ------- Run | Yrd Mat Mat Slots Evolved 2 | . . 2 Power . | . . . Propulsion 2 | . . 2 Utility . | . . . Weapon . | . . . Parts Attached 34 | 6 11 17 Power 3 | 1 1 1 Engine 3 | 1 1 1 Core . | . . . Reactor . | . . . Propulsion 9 | 2 . 7 Treads 2 | 2 . . Leg 7 | . . 7 Wheel . | . . . Hover . | . . . Flight . | . . . Utility 6 | 1 4 1 Device 1 | . 1 . Storage 4 | 1 3 . Processor . | . . . Hackware . | . . . Protection 1 | . . 1 Artifact . | . . . Weapon 16 | 2 6 8 Energy Gun 3 | . . 3 Energy Cannon . | . . . Ballistic Gun 9 | 2 4 3 Ballistic Cannon . | . . . Launcher 1 | . 1 . Special Weapon 3 | . 1 2 Impact Weapon . | . . . Slashing Weapon . | . . . Piercing Weapon . | . . . Special Melee Weapon . | . . . Unidentified Prototypes . | . . . Parts Lost 12 | . . 12 Power 1 | . . 1 Propulsion 5 | . . 5 Utility 1 | . . 1 Weapon 5 | . . 5 Highest Loss Streak 9 | . . 9 To Critical Strikes . | . . . Average Slot Usage (%) 93 | . 97 87 Engine 12 | . 14 9 Treads 16 | . 28 . Leg 14 | . . 35 Device 8 | . 9 8 Storage 14 | . 16 11 Energy Gun 2 | . . 5 Ballistic Gun 17 | . 19 13 Launcher 1 | . 2 . Special Weapon 4 | . 6 2 Peak Build Rating 11 | 6 8 11 Average Rating 7 | 4 7 9 On Entrance 4 | . 6 8 Naked Turns . | . . . Heaviest Build 21 | 11 20 21 Greatest Support 40 | 40 40 40 Greatest Overweight (x) 4 | . . 4 Average Overweight (x) . | . . . Largest Inventory Capacity 20 | 8 20 10 Average Capacity 9 | 6 9 10 Most Carried 10 | 6 10 10 Average Carried 7 | 4 8 7 Final Capacity 10 | 8 10 10 Final Carried 10 | 6 10 5 Class Distribution -------------------- 96% | Mutant 3% | Scavenger-Mutant Dominant Class ---------------- Mutant | -10/Materials Mutant | -9/Materials Resources | -11 -10 -9 ----------- Run | Yrd Mat Mat Matter Collected 869 | 211 305 353 Remotely . | . . . Salvage Created 795 | . 218 577 Parts 60 | . 20 40 Haulers Intercepted . | . . . Recyclers Shooed 2 | . . 2 Parts Field Recycled . | . . . Retrieved Matter . | . . . Parts Self-Destructed . | . . . Prevented . | . . . Kills | -11 -10 -9 ------- Run | Yrd Mat Mat Combat Hostiles Destroyed 24 | . 9 15 Guns 15 | . 1 14 Cannons 2 | . 2 . AOE 7 | . 6 1 Classes Destroyed 8 | . 5 3 Worker 4 | . 2 2 Builder 1 | . . 1 Tunneler 1 | . 1 . Recycler 2 | . . 2 Watcher 2 | . 1 1 Swarmer 12 | . 3 9 Grunt 9 | . 6 3 Sentry 3 | . . 3 Best Kill Streak 5 | . 5 4 Combat Bots Only 4 | . 3 4 Max Kills in Single Turn 3 | . 2 3 Gunslinging . | . . . Exploded 2 | . 2 1 Melee . | . . . Uniques/NPCs Destroyed . | . . . Combat | -11 -10 -9 -------- Run | Yrd Mat Mat Hostile Shots Fired 243 | . 47 196 Missed 89 | . 20 69 Damage Taken 1902 | . 325 1577 Core 508 | . 96 412 Absorbed by Shields . | . . . Core Remaining (%) 80 | 100 61 . Volleys Fired 102 | . 33 69 Largest 2 | . 2 2 Hottest 120 | . 100 120 Shots Fired 148 | . 40 108 Gun 119 | . 14 105 Cannon . | . . . Launcher 14 | . 14 . Special 15 | . 12 3 Kinetic 102 | . 14 88 Thermal 32 | . 12 20 Explosive 14 | . 14 . Electromagnetic . | . . . Robot Hit Streak 12 | . 4 12 Robot Miss Streak 7 | . 1 7 Penetration Max . | . . . Secondary Targets 3 | . . 3 Max Gunslinging Chain 1 | . . 1 Shots Hit Robots 71 | . 7 64 Core Hits 50 | . 20 30 Critical Kills . | . . . Critical Parts Destroyed . | . . . Critical Strikes . | . . . Melee Attacks . | . . . Impact . | . . . Slashing . | . . . Piercing . | . . . Sneak Attacks . | . . . Combat Hostiles . | . . . Follow-up Attacks . | . . . Damage Inflicted 1788 | . 713 1075 Guns 805 | . 16 789 Cannons . | . . . Explosions 820 | . 601 219 Melee . | . . . Ramming 19 | . . 19 Kinetic 718 | . 16 702 Thermal 231 | . 96 135 Explosive 820 | . 601 219 Electromagnetic . | . . . Impact . | . . . Slashing . | . . . Piercing . | . . . Highest Corruption . | . . . Average Corruption . | . . . Corruption Purged . | . . . Corruption Blocked . | . . . Overload Shots . | . . . Overflow Damage 181 | . 35 146 Projectiles . | . . . Explosions 181 | . 35 146 Melee . | . . . Knockbacks . | . . . Impact . | . . . Kinetic . | . . . Secondary . | . . . Self-Inflicted Damage 226 | . . 226 Shots 2 | . . 2 Rammed 2 | . . 2 Targets Rammed 8 | . . 8 Kicked 6 | . . 6 Crushed . | . . . Highest Temperature 136 | . 136 37 Average Temperature 25 | . 41 9 Received Heat Transfer 474 | . 180 294 Siege Activations . | . . . Robots Corrupted . | . . . Combat Hostiles . | . . . Parts Fried . | . . . Impact Corruptions . | . . . Robots Melted . | . . . Combat Hostiles . | . . . Parts Melted . | . . . Heat Transferred 522 | . 200 322 Parts Sabotaged . | . . . Parts Stolen . | . . . Parts Stripped . | . . . Power Chain Reactions . | . . . Alert | -11 -10 -9 ------- Run | Yrd Mat Mat Peak Influence 402 | . 287 402 Initial . | . . . Average 125 | . 69 221 Maximum Alert Level 2 | . 1 2 Low Security (%) 70 | 100 89 39 Level 1 26 | . 10 52 Level 2 2 | . . 7 Level 3 . | . . . Level 4 . | . . . Level 5 . | . . . High Security . | . . . Max Security . | . . . Squads Dispatched 4 | . 2 2 Investigation . | . . . Extermination . | . . . Reinforcement 4 | . 2 2 Assault . | . . . Garrison . | . . . Intercept . | . . . Searches Triggered . | . . . Construction Impeded . | . . . Haulers Reinforced . | . . . Active Scanning Responses . | . . . Cargo Convoy Interrupts . | . . . Stealth | -11 -10 -9 --------- Run | Yrd Mat Mat Distress Signals 9 | . 2 7 Communications Jammed . | . . . Distress Signals . | . . . Times Spotted 48 | . 17 31 Peak Tracking Total 9 | . 4 9 Tactical Retreats 6 | . 1 5 Traps | -11 -10 -9 ------- Run | Yrd Mat Mat Traps Triggered . | . . . Indirectly . | . . . Trap Hack Attempts . | . . . Triggered . | . . . Disarmed 6 | . 6 . Reprogrammed . | . . . Reused . | . . . Traps Extracted . | . . . Installed . | . . . Triggered . | . . . Machines | -11 -10 -9 ---------- Run | Yrd Mat Mat Machines Disabled 2 | . . 2 Max in Single Turn 2 | . . 2 Machines Repaired . | . . . Machines Dismantled . | . . . Machines Sabotaged . | . . . Overloaded Fab Kills . | . . . Hacking | -11 -10 -9 --------- Run | Yrd Mat Mat Machines Accessed 2 | . 2 . Terminals 2 | . 2 . Fabricators . | . . . Repair Stations . | . . . Recycling Units . | . . . Scanalyzers . | . . . Garrison Access . | . . . Total Hacks 4 | . 4 . Successful 3 | . 3 . Failed 1 | . 1 . Catastrophic . | . . . Database Lockouts . | . . . Manual . | . . . Terminals 4 | . 4 . Fabricators . | . . . Repair Stations . | . . . Recycling Units . | . . . Scanalyzers . | . . . Garrison Access . | . . . Terminal Hacks 3 | . 3 . Unreport Threat 1 | . 1 . Disarm Traps 1 | . 1 . Registered Components 1 | . 1 . Fabricator Hacks . | . . . Repair Station Hacks . | . . . Recycling Unit Hacks . | . . . Scanalyzer . | . . . Garrison Access Hacks . | . . . Unauthorized Hacks . | . . . Terminals . | . . . Fabricators . | . . . Repair Stations . | . . . Recycling Units . | . . . Scanalyzers . | . . . Garrison Access . | . . . Data Cores Recovered . | . . . Used . | . . . Hacking Detections 1 | . 1 . Full Trace Events . | . . . Feedback Events . | . . . Feedback Blocked . | . . . Robot Schematics Acquired . | . . . Robots Built . | . . . Authchips . | . . . Time . | . . . Total Robot Build Rating . | . . . Part Schematics Acquired . | . . . Parts Built . | . . . Authchips . | . . . Time . | . . . Total Part Build Rating . | . . . Parts Repaired . | . . . Time . | . . . Parts Recycled . | . . . Recycled Matter . | . . . Retrieved Matter . | . . . Retrieved Components . | . . . Parts Scanalyzed . | . . . Part Schematics Acquired . | . . . Parts Damaged . | . . . Bothacking | -11 -10 -9 ------------ Run | Yrd Mat Mat Used RIF Installer . | . . . Robots Hacked . | . . . Non-combat . | . . . Combat . | . . . Robot Hacks Applied . | . . . Relay Couplers Released . | . . . Fabnet Peak Effective % . | . . . Robots Rewired . | . . . Allies Hacked . | . . . Hacks Repelled . | . . . Allies | -11 -10 -9 -------- Run | Yrd Mat Mat Total Allies . | . . . Largest Group . | . . . Highest-Rated Group . | . . . Highest-Rated Ally . | . . . Total Orders . | . . . Ally Attacks . | . . . Total Damage . | . . . Kills . | . . . Allies Corrupted . | . . . Allies Melted . | . . . Intel | -11 -10 -9 ------- Run | Yrd Mat Mat Robot Analysis Total . | . . . Derelict Logs Recovered . | . . . Drone Launches . | . . . Drone Recoveries . | . . . Exploration | -11 -10 -9 ------------- Run | Yrd Mat Mat Turns Passed 1954 | 85 1114 755 Spaces Moved 1073 | 49 619 405 Core 9 | 7 . 2 Treads 661 | 42 619 . Legs 403 | . . 403 Wheels . | . . . Hover . | . . . Flight . | . . . Fastest Speed 50 | 50 160 120 Average Speed 147 | 144 160 129 Slowest Speed 250 | 160 160 250 Overloaded Moves . | . . . Propulsion Burnouts . | . . . Robots Hopped . | . . . Cave-ins Triggered . | . . . Exploration Rate (%) 27 | 4 56 22 Regions Visited 2 Branch Regions . Pre-discovered Areas . | . . . Known Exits Taken . | . . . Unknown Exits Taken 2 | 1 1 . Scrap Searched . | . . . Spaces Dug 6 | . 6 . Terrain Destroyed 115 | . 82 33 Melee . | . . . Projectile 8 | . 8 . AOE 107 | . 74 33 Terrain Rammed . | . . . Walls Destroyed . | . . . Machines Disabled . | . . . Actions | -11 -10 -9 --------- Run | Yrd Mat Mat Total 1259 | 60 682 517 Wait 6 | . . 6 Move 1071 | 48 618 405 Hop . | . . . Pick Up 23 | 6 10 7 Fast Attach 12 | 6 2 4 Attach 11 | . 2 9 Detach 1 | . . 1 Swap 11 | . 7 4 Drop 14 | . 10 4 Fire 102 | . 33 69 Melee . | . . . Ram 2 | . . 2 Kick 6 | . . 6 Crush . | . . . Escape Stasis . | . . . Rewire . | . . . Trap . | . . . Miscellaneous . | . . . Route ------- -11/Scrapyard -10/Materials (discovered 3 exits: [*Mat] / [*Min] / [*Sub]) -9/Materials (discovered 2 exits: [*Min x2]) History --------- Turn | Location | Event 9 | -11/Scrapyard | Discovered new exit (range 15) 86 | -11/Scrapyard | Entered Materials 302 | -10/Materials | Build established: Mutant 304 | -10/Materials | Discovered new exit (range 12) 386 | -10/Materials | Discovered new exit (range 6) 990 | -10/Materials | Discovered new exit (range 14) 1200 | -10/Materials | Entered another Materials area 1200 | -9/Materials | Evolved 2 slots: Propulsion x2 1483 | -9/Materials | Discovered new exit (range 7) 1694 | -9/Materials | Lost 3 parts (1p1n1w) 1737 | -9/Materials | Core integrity fell below 50% 1765 | -9/Materials | Core integrity fell below 20% 1801 | -9/Materials | Lost 9 parts (4n1u4w) 1870 | -9/Materials | Discovered new exit (range 7) 1955 | -9/Materials | Destroyed by Y-45 Defender with Heavy Assault Rifle Last Messages --------------- Acquired 13 matter. K-01 Serf collects debris. Acquired Hrd. Light Armor Plating. K-01 Serf collects debris. Acquired 10 matter. W-16 Scout sends out distress signal. K-01 Serf collects debris. R-06 Scavenger collects Lgt. Treads. K-01 Serf collects debris. S-10 Pest destroyed. K-01 Serf collects debris. R-06 Scavenger collects Flight Unit. K-01 Serf collects debris. EXIT=FOUND W-16 Scout sends out distress signal. R-06 Scavenger collects Flight Unit. K-01 Serf destroyed. Acquired 9 matter. K-01 Serf collects debris. Critical hit (Burn: +37). Map ----- +----------------------------------------------------+ | ????????????????????????## ##### # ??????????## | | ????????????????????????## #####+###??????????## | | ????????????????????????## + #??????????## | | ???????????????? ??????? # # ????########### | | ??????????????? ?????? # # ############# | | ???????????????? ????? # % ############ | | ?????????????????? ???? # ############ ^^ ## | | ??????????????????? ??? # # =### ^ ## | | ??????????????????? # # %%% /[ ^ ## | | ???????????????????###+### # % ############ | | ????????????######### % # !! ############ | | ????????????#% # +% ! ###????????? | | ??????????????? + # |###????????? | | ???????????????! # # ###????????? | | ??????????????????### ####=# ###????????? | | ??????????????????## """# # ###????????? | | ??????????????????## "#+#############???????? | | ??????????????????## !"# """ """ ##???????? | | ??????????????????## < ""# """"""""" ##???????? | | ??????????????????## |"# """"" ##???????? | | ???????????????????# "# ##???????? | | ???????????????????# k """# ##???????? | | ????????????????#??## #######+##########???????? | | ????????????????""" # ##### ########???????? | | ??????????????? """ + #??????????????? | | ????????????????????# @ #??????????????? | | ????????????????????# Y #??????????????? | | ????????????????????######### #??????????????? | | ????????????????????????????## ##??????????????? | | ?????????????????????????????# #???????????????? | | ?????????????????????????????# #???????????????? | | ?????????????????????????????# #???????????????? | | ?????????????????????????????# #???????????????? | | ????????????????????????????? ???????????????? | | ????????????????????????????? #??????????????? | | ????????????????????????????? #??????????????? | | ????????????????????????????? #??????????????? | | ????????????????????????????? #??????????????? | | ????????????????????????????? ##??????????????? | | ????????????????????????????? #???????????????? | | ????????????????????????????? #???????????????? | | ????????????????????????????? ????????????????? | | ?????????????????????????????????????????????????? | | ?????????????????????????????????????????????????? | | ?????????????????????????????????????????????????? | | ?????????????????????????????????????????????????? | | ?????????????????????????????????????????????????? | | ?????????????????????????????????????????????????? | | ?????????????????????????????????????????????????? | | ?????????????????????????????????????????????????? | +----------------------------------------------------+ Best States ------------- Heat Dissipation 28 Energy Generation 10 Energy Capacity 250 Matter Stores 300 Matter Capacity 350 Sight Range 16 Terrain Scan Density 10 Armor Coverage 150 Evasion (%) 55 Recoil Reduction 2 Item Schematics ----------------- None Robot Schematics ------------------ None Fabricated ------------ Nothing Alien Tech Used ----------------- None Achievements -------------- None Challenges ------------ None Game ------ Seed ProtonUtilitySpear Manual? 0 Play Time 00:16:42 Cumulative 5.9 hours Start 2024.11.21 @ 17:17:32 End 2024.11.21 @ 17:31:02 Sessions 1 Manual Loads 0 Difficulty Rogue Special Mode None Game No. 10 Rogue 10 Adventurer 0 Explorer 0 Win Type - Total 0 Types 0/0/0/0/0/0/0/0/0 Lore% 3 Gallery% 12 Achievement% 11 Wizard Run 0 Options --------- Layout 0 ASCII 0 Keyboard 1 Movement Vi Keybinds 0 Fullscreen 1 Font 24/Smallcaps Map View 76x50 Zoom Use 0% Tactical HUD 0 Map Filters NONE Filters NONE Steam 1 RUN: f0db06ec-d990-4b30-96a0-7f84dcc8a3e1